AoeStats
← cabrilloESP

Lombardia

508947108Analyzed
4v4 RM · 6d ago on Sep 24, 2026· 19m 47s· 8 players
Game mode
Random Map
Map size
Large (8 player)
Population
200
Speed
Normal
Resources
Standard
Victory
Conquest
Starting age
Dark Age
Ending age
Imperial Age
RankedLock teamsTeams togetherTeam positionsShared explorationLock speedFull tech treeHidden civsTurbo modeCheats
Victory
Defeat
🇫🇷 Saracens · France
1333
+13
🇻🇪 Dravidians · Venezuela
1261
+16
🇫🇷 Persians · France
1249
+17
🇲🇽 Slavs · Mexico
1212
+18
🇪🇸 Varangians · Spain
1341
-19
🇪🇸 Danes · Spain
1301
-18
🇪🇸 Hindustanis · Spain
1249
-15
🇪🇸 Vietnamese · Spain
1172
-12
Todas Mienten
11:21 Feudal Age
12:51 Loom
16:35 Castle Age
15:20 Double-Bit Axe
15:15 Horse Collar
17:24 Heavy Plow
17:34 Bow Saw
Cochiloco2000
1:27 Loom
14:31 Feudal Age
17:20 Double-Bit Axe
17:53 Man-at-Arms
21:21 Castle Age
Sahraoui
7:30 Loom
11:14 Feudal Age
17:24 Scale Barding Armor
Aiden
7:45 Loom
10:02 Feudal Age
11:56 Double-Bit Axe
14:05 Gold Mining
15:20 Fletching
cabrilloESP
9:25 Feudal Age
7:42 Loom
10:15 Double-Bit Axe
12:47 Bloodlines
13:18 Bloodlines
19:17 Castle Age
alvaroninosampe
5:03 Loom
10:06 Feudal Age
10:35 Town Watch
20:22 Castle Age
danielninosampe
2:42 Loom
10:24 Feudal Age
11:30 Double-Bit Axe
14:51 Gold Mining
pablo_smt21
11:47 Feudal Age
11:36 Loom
12:34 Horse Collar
12:42 Double-Bit Axe
13:43 Wheelbarrow
21:07 Castle Age
19:04 Fletching
19:15 Padded Archer Armor
Connection lost

Rejoining the realm…

Still unreachable

The connection could not be restored.

Session expired

The server has moved on; the page needs a fresh start.